Map: 莱瑞拉克之冠

Players

shengy

  • Race: Zerg Zerg
  • League: Platinum

Marlinator - Winner!

  • Race: Zerg Zerg
  • League: Platinum

VOD

Have the link to the VOD?

Description

Time

  • Played on: Dec. 30, 2015, 7:28 p.m.
  • Length: 7:04
Show
View Real Time Build Order
Export as new Build Order

shengy Zerg 

Build Orders: Hatch First 

Get SALT Encoding   

  12  0:01  Drone  
  13  0:08  Drone  
  14  0:16  Overlord  
  14  0:26  Drone, Extractor  
  15  0:35  Drone x2  
  17  0:55  Hatchery  
  16  1:00  Drone  
  16  1:01  Drone  
  18  1:26  Drone, Extractor, Spawning Pool  
  18  1:28  Overlord  
  17  1:50  Drone  
  18  2:13  Queen x2  
  18  2:15  Zergling x8  
  26  2:20  Spine Crawler  
  25  2:23  Drone  
  26  2:32  Metabolic Boost  
  27  2:37  Drone x2  
  27  2:40  Drone  
  29  2:49  Evolution Chamber  
  28  2:53  Drone  
  28  2:54  Baneling Nest  
  28  3:01  Drone  
  29  3:08  Drone x3  
  31  3:26  Zergling x8  
  35  3:28  Overlord  
  35  3:43  Overlord  
  35  3:47  Drone  
  35  3:48  Extractor, Drone x2  
  37  3:50  Roach Warren  
  37  3:53  Drone  
  37  3:57  Drone x2  
  37  3:59  Drone  
  37  4:02  Baneling  
  40  4:03  Baneling  
  40  4:04  Baneling  
  40  4:09  Drone  
  41  4:13  Drone x2  
  42  4:31  Roach x5  
  48  4:36  Drone  
  48  4:38  Spine Crawler  
  50  4:46  Lair  
  50  4:50  Drone  
  51  5:03  Roach  
  49  5:20  Zergling x8  
  52  5:21  Zergling x2  
  51  5:33  Overlord x2  
  42  5:54  Roach x9  
  58  5:59  Zergling x2  
  55  6:06  Roach  
  55  6:11  Roach  
  55  6:24  Roach  
  56  6:25  Drone  
  56  6:26  Drone  
Show
View Real Time Build Order
Export as new Build Order

Marlinator Zerg - Winner!

Build Orders: Pool First 

Get SALT Encoding   

  12  0:01  Drone  
  13  0:12  Overlord  
  13  0:21  Drone, Extractor  
  12  0:24  Drone  
  14  0:44  Spawning Pool  
  14  0:46  Drone  
  14  0:50  Drone  
  14  0:55  Drone  
  16  1:03  Drone  
  17  1:08  Drone  
  18  1:18  Drone  
  19  1:38  Hatchery  
  18  1:47  Drone  
  18  1:49  Spine Crawler  
  18  1:50  Drone  
  19  1:59  Drone  
  20  2:05  Overlord  
  20  2:12  Queen  
  22  2:27  Roach Warren  
  22  2:28  Drone x2  
  23  2:38  Spine Crawler  
  23  2:42  Drone  
  23  2:45  Drone  
  24  3:07  Roach x3  
  31  3:12  Roach  
  31  3:13  Roach  
  33  3:20  Roach  
  33  3:25  Overlord  
  35  3:39  Overlord  
  35  3:43  Queen  
  35  3:45  Spine Crawler  
  35  3:48  Roach x3  
  42  3:49  Roach  
  42  3:55  Extractor  
  43  4:03  Drone x3  
  46  4:14  Lair  
  35  4:32  Roach  
  35  4:33  Roach x2  
  41  4:43  Roach  
  43  4:56  Roach  
  43  5:24  Roach x4  
  49  5:36  Roach  
  47  5:49  Roach x2  
  45  6:10  Roach  
  45  6:11  Overlord  
  47  6:39  Roach x3  
Tags
 
Add a new tag
Caveats
  • Supply blocks, unpowered buildings, or Contaminate may cause inaccurate times.
  • Supply counts are checked every 10 seconds.